 Dungeon Crawl Stone Soup version 0.23-a0-729-g94ec0301e6 (webtiles) character file.

42 Roikka the Sneak (level 3, 0/19 HPs)
             Began as a Kobold Enchanter on Jan 17, 2019.
             Slain by a sky beast (5 damage)
             ... on level 2 of the Dungeon.
             The game lasted 00:05:51 (1707 turns).

Roikka the Sneak (Kobold Enchanter)                 Turns: 1707, Time: 00:05:52

Health: 0/19       AC:  2    Str:  6    XL:     3   Next: 77%
Magic:  2/6        EV: 16    Int: 16    God:
Gold:   96         SH:  0    Dex: 15    Spells: 1/7 levels left

rFire    . . .     SeeInvis .   a - +1 dagger
rCold    . . .     Gourm    .   (shield restricted)
rNeg     . . .     Faith    .   b - +0 robe
rPois    .         Spirit   .   (no helmet)
rElec    .         Reflect  .   (no cloak)
rCorr    .         Harm     .   (no gloves)
MR       .....                  (no boots)
Stlth    +++.......             (no amulet)
HPRegen  0.06/turn              (no ring)
MPRegen  0.10/turn              (no ring)

@: very slightly contaminated
A: small, carnivore
a: no special abilities


You were on level 2 of the Dungeon.
You were very full.

You visited 1 branch of the dungeon, and saw 3 of its levels.

You collected 96 gold pieces.

Inventory:

Hand Weapons
 a - a +1 dagger (weapon)
 l - a +0 rapier
Armour
 b - a +0 robe (worn)
Scrolls
 g - 2 scrolls of remove curse {unknown}
 j - a scroll of blinking {unknown}
 k - a scroll of teleportation {unknown}
 m - a scroll of identify {unknown}
Potions
 c - 2 potions of curing {unknown}
 e - 4 potions of flight {unknown}
 f - a potion of might {unknown}
 h - 2 potions of degeneration {unknown}
 i - a potion of ambrosia {unknown}
Comestibles
 d - 4 rations
 n - 3 chunks of flesh


   Skills:
 - Level 1.3 Short Blades
 + Level 3.0 Dodging
 - Level 4.0 Stealth
 + Level 2.6 Spellcasting
 * Level 3.7 Hexes
 + Level 0.9 Ice Magic


You had one spell level left.
You knew the following spells:

 Your Spells              Type           Power        Failure   Level  Hunger
a - Corona                Hex            ##.....      4%          1    #......
b - Ensorcelled Hibernat  Hex/Ice        #.....       12%         2    ##.....
c - Confuse               Hex            ##......     13%         3    ###....

Your spell library contained the following spells:

 Spells                   Type           Power        Failure   Level  Hunger
 Tukima's Dance           Hex            ##......     13%         3    ###....
 Dazzling Spray           Conj/Hex       #.....       26%         3    ###....


Dungeon Overview and Level Annotations

Branches:
Dungeon (3/15)

Altars:


Innate Abilities, Weirdness & Mutations

You are small and have problems with some larger weapons.
You are carnivorous and can eat meat at any time.


Message History

Press: ? - help, Shift-Dir - straight line, f/p - sky beast
Aim: a sky beast (chance to defeat MR: 40%)
You miscast Ensorcelled Hibernation.
You are very lightly contaminated with residual magic.
Nothing appears to happen.
Casting: Ensorcelled Hibernation (safe; 12% risk of failure)
Confirm with . or Enter, or press ? or * to list all spells.
Aiming: Ensorcelled Hibernation (safe; 12% risk of failure)
Press: ? - help, Shift-Dir - straight line, f/p - sky beast
Aim: a sky beast (chance to defeat MR: 40%)
The sky beast resists with some effort.
The sky beast hits you. The sky beast shocks you.
The sky beast flickers out of sight!
Deactivating autopickup; reactivate with Ctrl-A.
You see here a +0 club.
There is a stone staircase leading up here.
Something hits you.
* * * LOW HITPOINT WARNING * * *
Something shocks you.
You die...

#.# #.# #># #.# #.#
#.# #.# ##.## #.#
#.###...## #.#
#........# #.#
#.###.{..# #.# #.#
##.#.# #.# .# ..#
#.#.###.# .# ##.#
#.....)@# .# #.#
##.....### .# ######
#.# #.......# ##.#
#.>..# #. ##......#
#..# #.##.#
#[.....###.######.##.#
###.#...........#.##.#
#.#..###.####.#.##.###
#.#..###..............
##..............##..##


There were no monsters in sight!

Vanquished Creatures
  An adder (D:2)
  2 leopard geckos (D:1)
  A ball python (D:2)
  8 goblins
  4 hobgoblins
  3 bats (D:1)
  5 frilled lizards
  4 kobolds (D:1)
  2 rats
30 creatures vanquished.

Notes
Turn   | Place    | Note
-------+----------+-------------------------------------------
     0 | D:1      | Roikka the Kobold Enchanter began the quest for the Orb.
     0 | D:1      | Reached XP level 1. HP: 10/10 MP: 3/3
   357 | D:1      | Reached XP level 2. HP: 15/15 MP: 5/5
   361 | D:1      | Learned a level 2 spell: Ensorcelled Hibernation
   938 | D:1      | Reached XP level 3. HP: 12/19 MP: 1/6
  1249 | D:1      | Learned a level 3 spell: Confuse
  1275 | D:3      | Noticed an orc warrior
  1647 | D:2      | Noticed a sky beast
  1707 | D:2      | Slain by a sky beast

Vault maps used:
D:1:      matt_arrival_grand_opening
D:2:      lemuel_coloured_pillars_altar
D:3:      nicolae_overflow_crystal_walls, first_ration,
          grunt_dithmenos_smoke_and_mirrors

Skill      XL: |  1  2  3 |
---------------+----------+-----
Dodging        | 3 |  3.0
Short Blades   | |  1.3
Stealth        | |  4.0
Spellcasting   | |  2.6
Hexes          | |  3.7
Ice Magic      | |  0.9

Action                   || total
-------------------------++-------
Melee: Dagger            ||    79
 Cast: Ensorcelled Hiber ||    14
       Corona            ||     4
  Use: Scroll            ||     1
 Stab: Sleeping          ||    17
  Eat: Chunk             ||    11
Armor: Robe              ||     4
Dodge: Dodged            ||    55

Table legend:
 A = Non-vault XP
 B = Vault XP
 C = Vault XP percentage of total XP
 D = Non-vault monster count
 E = Vault monster count
 F = Vault count percentage of total count
                 A         B        C        D         E       F
            +---------+---------+-------+---------+---------+-------
      Total |      60 |       0 |   0.0 |      30 |       0 |   0.0
            +---------+---------+-------+---------+---------+-------
        D:1 |      35 |       0 |   0.0 |      21 |       0 |   0.0
        D:2 |      25 |       0 |   0.0 |       9 |       0 |   0.0
            +---------+---------+-------+---------+---------+-------
